 Dungeon Crawl Stone Soup version 0.27.1-1-g398f81649c (webtiles) character file.

Game seed: 12119113287267546250

36 acemry the Insei (level 3, 0/23 HPs)
             Began as an Octopode Transmuter on Sept 10, 2021.
             Slain by an orc (8 damage)
             ... on level 2 of the Dungeon.
             The game lasted 00:01:37 (1968 turns).

acemry the Insei (Octopode Transmuter)              Turns: 1968, Time: 00:01:38

Health: 0/23       AC:  1    Str:  9    XL:     3   Next: 37%
Magic:  5/6        EV: 13    Int: 16    God:
Gold:   72         SH:  0    Dex: 12    Spells: 2/6 levels left

rFire    . . .     SeeInvis .     - Unarmed
rCold    . . .     Faith    .   (no shield)
rNeg     . . .     Spirit   .   (helmet currently unavailable)
rPois    .         Reflect  .   (no amulet)
rElec    .         Harm     .   (no ring)
rCorr    .         Rampage  .   (no ring)
Will     .....                  (no ring)
Stlth    +++.......             (no ring)
HPRegen  0.07/turn              (no ring)
MPRegen  0.10/turn              (no ring)
                                (no ring)
                                (no ring)

@: appendages
A: tentacle spike 3, almost no armour, amphibious, 8 rings, camouflage 1,
gelatinous body 1, (nimble swimmer 1), tentacles
a: End Transformation


You were on level 2 of the Dungeon.
One of your tentacles had grown a beastly spike.
You visited 1 branch of the dungeon, and saw 2 of its levels.

You collected 72 gold pieces.

Inventory:

Scrolls
 a - a scroll of enchant weapon
 d - 2 scrolls of teleportation {unknown}
Potions
 b - a potion of flight {unknown}
 c - 2 potions of heal wounds
 e - 4 potions of curing {unknown}


   Skills:
 - Level 1.0 Fighting
 - Level 2.0 Dodging
 * Level 2.9 Stealth
 - Level 3.0 Unarmed Combat
 - Level 2.0 Spellcasting
 + Level 2.8 Transmutations
 * Level 0.4 Poison Magic


You had 2 spell levels left.
You knew the following spells:

 Your Spells              Type           Power      Damage    Failure   Level
a - Beastly Appendage     Tmut           20%        N/A       6%          1
b - Spider Form           Tmut/Pois      3%         N/A       32%         3

Your spell library contained the following spells:

 Spells                   Type           Power      Damage    Failure   Level
 Wereblood                Tmut           10%        N/A       10%         2
 Ice Form                 Ice/Tmut       6%         N/A       75%         4


Dungeon Overview and Level Annotations

Branches:
Dungeon (2/15)

Altars:


Innate Abilities, Weirdness & Mutations

One of your tentacles has grown a beastly spike.
You cannot wear most types of armour.
You are amphibious.
You can wear up to eight rings at the same time.
Your skin changes colour to match your surroundings (Stealth+).
Your rubbery body absorbs attacks. (AC +1, EV +1)
((You are camouflaged near water. (Stealth+)))
You have tentacles for arms and can constrict up to eight enemies at once.


Message History

An orc and an orc wizard come into view.
There are monsters nearby!
There are monsters nearby!
Found a stone staircase leading down. 2 orcs come into view.
Found a scroll of identify.
The helpless orc wizard fails to defend itself.
You tentacle-slap the orc wizard. Your grab misses the orc wizard.
Your squeeze misses the orc wizard.
The orc wizard is moderately wounded.
The orc shouts!
You hear a shout!
The orc wizard hits you with a +0 dagger.
The orc closely misses you.
An orc comes into view. It is wielding a +0 war axe.
One of your tentacles grows a vicious spike.
The orc barely misses you.
The orc wizard gestures at you while chanting.
You resist with significant effort.
You barely miss the orc wizard. You grab the orc wizard.
The orc wizard is moderately wounded.
You constrict the orc wizard, but do no damage.
The orc barely misses you. The orc wizard casts a spell at you.
You resist with significant effort.
You tentacle-slap the orc wizard but do no damage.
You squeeze the orc wizard.
The orc wizard is severely wounded.
You constrict the orc wizard. The orc hits you with a +0 hand axe.
The orc wizard hits you with a +0 dagger.
You tentacle-slap the orc wizard but do no damage.
The orc wizard is severely wounded.
You constrict the orc wizard.
The orc wizard hits you but does no damage.
The orc hits you with a +0 hand axe.
You are too injured to fight recklessly!
You are too injured to fight recklessly!
You are too injured to fight recklessly!
You release your grip on the orc wizard.
The orc hits you with a +0 flail!
You die...

#..###............ .
>...##............ ?.
....##............ ...
##.#...............
..##...###..##......##
..o........###..###.
#ooo#####...####...
#o# ........#
#####@###########.....
#............# ######
#............#
#.###.#####..# # #.#
#..######## #.#
#.........# #.#
#.#....###.# #....
#......## #. ##
...#.......## #


You could see an orc wizard and 4 orcs.

Vanquished Creatures
  A dart slug (D:1)
  4 ball pythons
  3 endoplasms
  2 giant cockroaches (D:1)
  A goblin (D:1)
  A hobgoblin (D:1)
  5 jackals (D:2)
  A kobold (D:1)
  2 quokkas (D:1)
  4 bats
  2 frilled lizards (D:1)
  3 rats
29 creatures vanquished.

Notes
Turn   | Place    | Note
-------+----------+-------------------------------------------
     0 | D:1      | acemry the Octopode Transmuter began the quest for the Orb.
     0 | D:1      | Reached XP level 1. HP: 13/13 MP: 3/3
   370 | D:1      | Reached skill level 1 in Stealth
   432 | D:1      | Found a faded altar of an unknown god.
   560 | D:1      | Reached XP level 2. HP: 18/18 MP: 3/5
  1462 | D:2      | Reached XP level 3. HP: 23/23 MP: 4/6
  1466 | D:2      | Learned a level 3 spell: Spider Form
  1968 | D:2      | Slain by an orc

Illustrated notes

Levels and vault maps discovered:
D:1:      wander_arrival_estate, layout_basic, serial_forest,
          infiniplex_forest_clump_medium, infiniplex_forest_lined_2,
          infiniplex_forest_lined_2, infiniplex_forest_lined_room_2,
          infiniplex_forest_straight_4, infiniplex_forest_clump_double,
          shapermc_ecumenical_altar_venn
D:2:      layout_loops_ring, grunt_decor_resistance, minmay_misc_feat_iff

Skill      XL: |  1  2 |
---------------+-------+-----
Stealth        | 1 2 |  2.9
Fighting       | |  1.0
Dodging        | |  2.0
Unarmed Combat | |  3.0
Spellcasting   | |  2.0
Transmutations | |  2.8
Poison Magic   | |  0.4

Action                   || total
-------------------------++-------
Melee: Unarmed           ||    71
       Constrict         ||    19
       Kick              ||    16
       Tentacles         ||    10
       Punch             ||     1
 Cast: Beastly Appendage ||    26
  Use: Scroll            ||     2
 Stab: Sleeping          ||     7
Armor: Skin              ||     7
Dodge: Dodged            ||    48
